 Dungeon Crawl Stone Soup version 0.31-a0-1178-gc5c9b8f871 (webtiles) character file.

Game seed: 13663156259111612442

502 grandjackal the Chopper (level 6, -7/49 HPs)
             Began as a Demonspawn Gladiator on Dec 12, 2023.
             Was an Initiate of Gozag.
             Mangled by an ogre
             ... wielding a +0 giant club
              (28 damage)
             ... on level 5 of the Dungeon.
             The game lasted 00:03:49 (2780 turns).

grandjackal the Chopper (Demonspawn Gladiator)      Turns: 2780, Time: 00:03:49

Health: -7/49      AC:  7    Str: 16    XL:     6   Next: 95%
Magic:  6/6        EV: 12    Int:  8    God:    Gozag
Gold:   143        SH:  0    Dex: 15    Spells: 4/5 levels left

rFire   . . .        q - +1 flail (heavy)
rCold   . . .        n - orb {light}
rNeg    . . .        b - +0 leather armour
rPois   .            c - +0 helmet
rElec   .            (no cloak)
rCorr   .            o - +0 pair of gloves
SInv    .            (no boots)
Will    +....        (no amulet)
Stlth   +            l - ring of willpower
HPRegen 0.28/turn    (no ring)
MPRegen 0.10/turn

%: no passive effects
@: glowing
A: yellow scales 1, spiny 2, demonic magic 1
a: Renounce Religion, Potion Petition, Call Merchant, Bribe Branch


You were on level 5 of the Dungeon.
You worshipped Gozag.
Gozag was aware of your devotion.
You visited 1 branch of the dungeon, and saw 5 of its levels.

You collected 216 gold pieces.
You paid 73 gold pieces to Gozag.

Inventory:

Hand Weapons
 a - a +0 war axe
 q - a +1 heavy flail (weapon)
Missiles
 d - 3 throwing nets (quivered)
 e - a javelin
Armour
 b - a +0 leather armour (worn)
 c - a +0 helmet (worn)
 n - an orb of light (worn)
 o - a +0 pair of gloves (worn)
Jewellery
 l - a ring of willpower (left hand)
Wands
 p - a wand of polymorph (8)
Scrolls
 f - 2 scrolls of identify {unknown}
 g - a scroll of brand weapon {unknown}
 j - a scroll of blinking {unknown}
 k - a scroll of silence {unknown}
Potions
 h - a potion of enlightenment {unknown}
 i - 3 potions of curing {unknown}
 m - a potion of degeneration {unknown}


   Skills:
 + Level 4.4 Fighting
 + Level 4.5 Axes
 - Level 2.4 Throwing
 - Level 3.2 Dodging
 + Level 3.2 Conjurations


You had 4 spell levels left.
You knew the following spells:

 Your Spells              Type           Power      Damage    Failure   Level
a - Magic Dart            Conj           20%        1d4       14%         1

Your spell library contained the following spells:

 Spells                   Type           Power      Damage    Failure   Level
 Summon Small Mammal      Summ           0%         N/A       47%         1
 Call Imp                 Summ           0%         N/A       63%         2
 Hailstorm                Conj/Ice       2%         3d5       63%         3
 Mephitic Cloud           Conj/Pois/Air  1%         N/A       71%         3
 Call Canine Familiar     Summ           0%         N/A       85%         3
 Summon Guardian Golem    Hex/Summ       0%         N/A       85%         3
 Summon Ice Beast         Ice/Summ       0%         N/A       99%         4
 Simulacrum               Ice/Necr       Unusable   N/A       N/A         6

Dungeon Overview and Level Annotations

Branches:
Dungeon (5/15)
 Temple: D:4-7

Altars:
Cheibriados
Gozag
Vehumet

Shops:
D:3 [


Innate Abilities, Weirdness & Mutations

You are partially covered in yellow scales. (AC +2)
You are mostly covered in sharp spines.
Spells you cast may paralyse adjacent enemies.


Message History

The hound barks!
A hound is nearby!
A hound is nearby!
The hound bites you.
You barely miss the hound. The hound misses you.
The hound is struck by your spines. The hound bites you.
The hound completely misses you.
You hit the hound.
The hound is moderately wounded.
The hound barely misses you. The hound is struck by your spines.
The hound bites you. The hound is struck by your spines.
The hound barely misses you.
You hit the hound.
You kill the hound!
No target in view!
HP restored.
You now have 143 gold pieces (gained 6).
You see here a +0 robe.
An ogre comes into view. It is wielding a +0 giant club.
The ogre shouts!
The ogre moves out of view.
The ogre is struck by your spines. The ogre hits you with a +0 giant club!
You see here a wand of paralysis (9).
An ogre is nearby!
You hit the ogre.
The ogre is lightly wounded.
The ogre is struck by your spines. The ogre barely misses you.
You hit the ogre.
The ogre is heavily wounded.
The ogre is struck by your spines.
The ogre hits you with a +0 giant club!!
The ogre barely misses you.
You are too injured to fight recklessly!
You are too injured to fight recklessly!
You hit the ogre but do no damage.
The ogre is almost dead.
The ogre hits you with a +0 giant club!!
Ouch! That really hurt!
You die...
Your body crumbles into a pile of gold.

~~§~~.....##
~§~........
#........#
############..
#........#
#............#
.#........#
#..###.#####..
.#........# #..#...#
..........###..#.#.#
##.............#...#
##....#..####.##@#.#
##....#..####..#.O.#
...............#.#.#
###............#...#
.........##.#..###.#
###..##..##.#..# ..#
###..##..##.#..# .#
...............#
###..##..##.#..#


You could see an ogre.

Vanquished Creatures
  A black bear (D:4)
  A scorpion (D:4)
  A hound (D:5)
  2 orc priests (D:4)
  A jelly (D:4)
  An iguana (D:5)
  3 gnolls (D:4)
  8 adders
  4 dart slugs
  5 orcs
  12 endoplasms
  8 giant cockroaches
  11 goblins
  9 hobgoblins
  8 kobolds
  5 quokkas
  5 ball pythons
  6 bats
  2 frilled lizards (D:2)
  3 rats
96 creatures vanquished.

Notes
Turn   | Place    | Note
-------+----------+-------------------------------------------
     0 | D:1      | grandjackal the Demonspawn Gladiator began the quest for
                  | the Orb.
     0 | D:1      | Reached XP level 1. HP: 16/16 MP: 1/1
    73 | D:1      | Gained mutation: You are partially covered in sharp spines.
                  | [demonic ancestry]
    73 | D:1      | Reached XP level 2. HP: 9/22 MP: 2/2
   447 | D:1      | Gained mutation: You are mostly covered in sharp spines.
                  | [demonic ancestry]
   447 | D:1      | Reached XP level 3. HP: 19/28 MP: 3/3
   987 | D:2      | Gained mutation: Spells you cast may paralyse adjacent
                  | enemies. [demonic ancestry]
   987 | D:2      | Reached XP level 4. HP: 34/34 MP: 4/4
  1034 | D:2      | Learned a level 1 spell: Magic Dart
  1083 | D:2      | You fall into a shaft and drop 1 floor!
  1109 | D:3      | Found Seshun's Antique Armour Shoppe.
  1682 | D:4      | Reached skill level 1 in Conjurations
  1724 | D:4      | Reached XP level 5. HP: 24/41 MP: 5/5
  1969 | D:4      | Gained mutation: You are partially covered in yellow
                  | scales. (AC +2) [demonic ancestry]
  1969 | D:4      | Reached XP level 6. HP: 48/48 MP: 6/6
  2417 | D:4      | Found a snail-covered altar of Cheibriados.
  2418 | D:4      | Found an opulent altar of Gozag.
  2418 | D:4      | Found a radiant altar of Vehumet.
  2436 | D:4      | Became a worshipper of Gozag Ym Sagoz the Greedy
  2686 | D:5      | Entered Level 5 of the Dungeon
  2780 | D:5      | Mangled by an ogre

Illustrated notes

Levels and vault maps discovered:
D:1:      dpeg_arrival_rooms_b, layout_rooms, serial_corexii_hall,
          chequers_hall_statues_wall_a, corexii_hall_statues_x,
          corexii_hall_statues_x, chequers_hall_statues_corner_a,
          corexii_hall_statues_i, chequers_hall_statues_wall_a, st_stairs_1
D:2:      layout_basic, kennysheep_generic_room_10
D:3:      layout_basic, serial_shops, shop, wad_floor_pattern_1
D:4:      minmay_diamond_boxcup, layout_basic, grunt_temple_overflow_open
D:5:      layout_basic, nicolae_overflow_quartered_altars,
          minmay_temple_entry_mist, serial_shops, kennysheep_mini,
          hangedman_minor_gate_pass

Skill      XL: |  1  2  3  4  5  6 |
---------------+-------------------+-----
Throwing       | 2 |  2.4
Axes           | 3 4 |  4.5
Dodging        | 3 |  3.2
Fighting       | 3 4 |  4.4
Conjurations   | 1 2 3 |  3.2

Action                     |  1- 3 |  4- 6 || total
---------------------------+-------+-------++-------
  Melee: War axe           |    60 |    72 ||   132
         Flail             |       |     7 ||     7
   Stab: Sleeping          |     1 |       ||     1
         Distracted        |       |     1 ||     1
 Armour: Leather armour    |    32 |    57 ||    89
  Dodge: Dodged            |    39 |    48 ||    87

Table legend: (Time is in decaauts)
 A = Elapsed time spent in this place.
 B = Non-inter-level travel time spent in this place.
 C = Inter-level travel time spent in this place.
 D = Time resting spent in this place.
 E = Time spent auto-exploring this place.
 F = Levels seen in this place.
 G = Mean time per level.
                   A        B        C        D        E       F      G
               +--------+--------+--------+--------+--------+-----+--------+
         Total |   2827 |   2740 |     87 |    386 |   1896 |   5 |  565.4 |
       Dungeon |   2827 |   2740 |     87 |    386 |   1896 |   5 |  565.4 |
               +--------+--------+--------+--------+--------+-----+--------+

Top non-repeatable levels by time:
     D:4: 1022 daAuts
     D:1: 803 daAuts
     D:3: 600 daAuts
     D:2: 302 daAuts
     D:5: 99 daAuts
